 Dungeon Crawl Stone Soup version 0.19.1-1-g22dce08 (webtiles) character file.

576 Alarkh the Chopper (level 7, 43/52 HPs)
             Began as a Demonspawn Monk on Jan 7, 2017.
             Was a Believer of Okawaru.
             Quit the game on level 4 of the Dungeon.
             The game lasted 00:04:18 (3819 turns).

Alarkh the Chopper (Demonspawn Monk)                Turns: 3819, Time: 00:04:19

Health: 43/52      AC: 10    Str: 11    XL:     7   Next: 12%
Magic:  7/7        EV: 13    Int: 14    God:    Okawaru [**....]
Gold:   375        SH:  0    Dex: 15    Spells: 0 memorised, 6 levels left

rFire  . . .     SeeInvis +     v - +0 war axe
rCold  + . .     Gourm    .     i - +4 ring mail
rNeg   . . .     Faith    .     (no shield)
rPois  .         Spirit   +     (helmet restricted)
rElec  .         Reflect  .     (no cloak)
rCorr  .         Harm     .     f - +0 pair of gloves
MR     .....                    (no boots)
Stlth  +.........               (no amulet)
                                p - ring of see invisible
                                r - +4 ring of slaying

@: no status effects
A: horns 2, repulsion field 1, cold resistance 1, magic shield
a: Heroism, Renounce Religion


You were on level 4 of the Dungeon.
You worshipped Okawaru.
Okawaru was pleased with you.
You were not hungry.

You visited 2 branches of the dungeon, and saw 5 of its levels.
You also visited: Ossuary.

You collected 375 gold pieces.

Inventory:

Hand Weapons
 a - a +0 hand axe
 v - a +0 war axe (weapon)
Armour
 b - a +0 robe
 f - a +0 pair of gloves (worn)
 i - a +4 ring mail (worn)
Jewellery
 k - an uncursed ring of protection from fire
 n - an uncursed amulet of guardian spirit
 p - a ring of see invisible (right hand)
 r - a +4 ring of slaying (left hand)
Scrolls
 e - 2 scrolls of identify
 g - 4 scrolls of remove curse
 l - a scroll of enchant armour {unknown}
 o - 2 scrolls of noise {unknown}
 s - 2 scrolls of teleportation {unknown}
 u - a scroll of fear {unknown}
 x - a scroll of holy word {unknown}
 y - a scroll of vulnerability {unknown}
 E - a scroll of amnesia {unknown}
Potions
 d - a potion of magic
 h - 2 potions of might
 m - a potion of lignification {unknown}
 q - 2 potions of flight {unknown}
 z - a potion of agility {unknown}
 A - 2 potions of invisibility {unknown}
 B - 3 potions of heal wounds {unknown}
 C - a potion of curing {unknown}
 D - a potion of cure mutation {unknown}
 G - a potion of cancellation {unknown}
Comestibles
 c - 4 bread rations
 j - 2 fruits
 t - 2 meat rations
 w - 2 beef jerkies
 F - 8 chunks of flesh


   Skills:
 - Level 3.0 Fighting
 + Level 7.5 Axes
 - Level 2.6 Dodging
 - Level 1.7 Stealth


You had 6 spell levels left.
You didn't know any spells.

Dungeon Overview and Level Annotations

Branches:
Dungeon (4/15)             Temple (1/1) D:4

Altars:
Dithmenos
Elyvilon
Gozag
Hepliaklqana
Makhleb
Okawaru
Qazlal
Ru
Sif Muna
Trog
Vehumet
Xom
Yredelemnul
Zin
The Shining One


Innate Abilities, Weirdness & Mutations

You have a pair of horns on your head.
You are surrounded by a mild repulsion field. (EV +2)
Your flesh is cold resistant. (rC+)
When hurt, damage is shared between your health and your magic reserves.


Message History

You butcher the gnoll corpse.
F - 9 chunks of flesh (gained 1)
Things that are here:
a club; a robe
Things that are here:
a club; a robe You see here a flail.
You now have 375 gold pieces (gained 10).
You are no longer glowing.
e - 2 scrolls of identify (gained 1) Eating one of 9 chunks of flesh.
You start eating one of the 9 chunks of flesh.
You are feeling hungry.
Found a stone staircase leading down.
This raw flesh tastes terrible.
G - a bubbling dark potion
There is a stone staircase leading down here.
A gnoll comes into view. It is wielding an enchanted halberd.
The gnoll moves out of view.
The gnoll is too close now for your liking.
Are you sure you want to abandon this character and quit the game? (Confirm with "yes".)

....#.#########
..............# ##
.......>.####.# ..
....#.....# #.# .#
#####...#.# #.# .#
#####...#.###.# .#
...##...#..##.# .# .#.
##.##...#..##.###.#.....
................@.....g.
##.##...#...#.....#.....
..............#.#.# ...
#......##..#..#.#.# .
...... ............
##.##..##..#........ # #
. #..#..#.#.#.# #
...#......... ##.#
#.....#...........


You could see a gnoll.

Vanquished Creatures
  Edmund (D:4)
  An ogre (D:4)
  An orc priest (D:3)
  A gnoll shaman (D:4)
  An orc wizard (D:4)
  8 mummies (Ossuary)
  2 adders (D:2)
  5 gnolls (D:4)
  3 dart slugs
  A worm (D:3)
  A leopard gecko (D:3)
  16 orcs
  2 ball pythons
  3 bats (D:2)
  3 giant cockroaches
  3 gnoll zombies (Ossuary)
  11 goblins
  8 hobgoblins
  5 jackals (D:4)
  A quokka (D:3)
  4 frilled lizards
  4 hobgoblin zombies (Ossuary)
  8 kobolds
  An orc zombie (Ossuary)
  10 rats
104 creatures vanquished.

Vanquished Creatures (others)
  A gnoll (D:4)
1 creature vanquished.

Grand Total: 105 creatures vanquished

Notes
Turn   | Place    | Note
-------+----------+-------------------------------------------
     0 | D:1      | Alarkh the Demonspawn Monk began the quest for the Orb.
     0 | D:1      | Reached XP level 1. HP: 18/18 MP: 1/1
   250 | D:1      | Reached skill level 3 in Axes
   268 | D:1      | Gained mutation: You have a pair of small horns on your head. [demonic ancestry]
   268 | D:1      | Reached XP level 2. HP: 24/24 MP: 2/2
   917 | D:2      | Gained mutation: When hurt, damage is shared between your health and your magic reserves. [demonic ancestry]
   917 | D:2      | Reached XP level 3. HP: 29/29 MP: 3/3
  1211 | D:2      | Reached skill level 4 in Axes
  1768 | D:3      | Gained mutation: You have a pair of horns on your head. [demonic ancestry]
  1768 | D:3      | Reached XP level 4. HP: 23/35 MP: 4/4
  2709 | D:3      | Reached skill level 5 in Axes
  2709 | D:3      | Gained mutation: You are surrounded by a mild repulsion field. (EV +2) [demonic ancestry]
  2709 | D:3      | Reached XP level 5. HP: 15/41 MP: 1/5
  3013 | D:4      | Noticed an ogre
  3017 | D:4      | Killed an ogre
  3040 | D:4      | Reached skill level 6 in Axes
  3044 | D:4      | Reached XP level 6. HP: 36/47 MP: 4/6
  3067 | D:4      | Noticed Edmund
  3083 | D:4      | Killed Edmund
  3093 | D:4      | Found a staircase to the Ecumenical Temple.
  3146 | Temple   | Entered the Ecumenical Temple
  3390 | Temple   | Became a worshipper of Warmaster Okawaru
  3390 | Temple   | Reached * piety under Okawaru
  3390 | Temple   | Reached ** piety under Okawaru
  3422 | D:4      | Found a radiant altar of Vehumet.
  3474 | D:4      | Found a sand-covered staircase.
  3479 | Ossuary  | Entered an ossuary
  3518 | Ossuary  | Reached skill level 7 in Axes
  3752 | D:4      | Gained mutation: Your flesh is cold resistant. (rC+) [demonic ancestry]
  3752 | D:4      | Reached XP level 7. HP: 46/52 MP: 7/7
  3819 | D:4      | Quit the game

Skill      XL: |  1  2  3  4  5  6 |
---------------+-------------------+-----
Axes           | 3 4 5 6 7 |  7.5
Fighting       | |  3.0
Dodging        | |  2.6
Stealth        | |  1.7

Action                   |  1- 3 |  4- 6 |  7- 9 || total
-------------------------+-------+-------+-------++-------
Melee: Hand axe          |   137 |    36 |       ||   173
       Headbutt          |    20 |    25 |     2 ||    47
       War axe           |       |   105 |    13 ||   118
  Use: Scroll            |       |     4 |       ||     4
 Stab: Sleeping          |     3 |       |       ||     3
  Eat: Chunk             |     3 |     5 |     2 ||    10
Armor: Ring mail         |    59 |    55 |     3 ||   117
       Robe              |     2 |       |       ||     2
Dodge: Dodged            |    71 |    87 |     6 ||   164
